 Dungeon Crawl Stone Soup version 0.20-a0-1122-gb7cbeb9 (webtiles) character file.

113 Gorice the Skirmisher (level 4, -5/38 HPs)
             Began as a Minotaur Enchanter on May 14, 2017.
             Killed by divine providence
             ... invoked by an orc priest
              (16 damage)
             ... on level 3 of the Dungeon.
             The game lasted 00:06:24 (1833 turns).

Gorice the Skirmisher (Minotaur Enchanter)          Turns: 1833, Time: 00:06:25

Health: -5/38      AC:  6    Str: 13    XL:     4   Next: 65%
Magic:  5/5        EV:  9    Int: 12    God:
Gold:   116        SH:  0    Dex: 11    Spells: 4/5 levels left

rFire    + . .     SeeInvis .   a - +1 spear (flame)
rCold    . . .     Gourm    .   (no shield)
rNeg     . . .     Faith    .   t - +0 scale mail
rPois    .         Spirit   .   (helmet restricted)
rElec    .         Reflect  .   (no cloak)
rCorr    .         Harm     .   (no gloves)
MR       .....                  (no boots)
Stlth    +.........             (no amulet)
Regen    0.2/turn               h - ring of flight
MPRegen  0.1/turn               k - ring of protection from fire

@: no status effects
A: retaliatory headbutt, horns 2
a: Evoke Flight


You were on level 3 of the Dungeon.
You were not hungry.

You visited 1 branch of the dungeon, and saw 3 of its levels.

You collected 116 gold pieces.

Inventory:

Hand Weapons
 a - a +1 spear of flaming (weapon)
   (You found it on level 2 of the Dungeon)
 e - a +1 dagger
 j - a +0 mace
 m - a +1 dagger of holy wrath
   (You found it on level 1 of the Dungeon)
 s - a +0 quarterstaff
 u - a +2 dagger of holy wrath
   (You took it off a goblin on level 1 of the Dungeon)
 w - a +1 dagger of speed
   (You took it off a goblin on level 2 of the Dungeon)
 x - a +0 war axe
 y - a +0 falchion
Missiles
 i - 42 bolts
 l - 36 sling bullets
 p - 19 poisoned needles
 Z - 33 stones (quivered)
Armour
 b - a +0 robe
 n - a +0 ring mail
 t - a +0 scale mail (worn)
Jewellery
 h - a ring of flight (left hand)
 k - a ring of protection from fire (right hand)
Wands
 r - a wand of confusion (10/48)
Scrolls
 A - a scroll of blinking {unknown}
Potions
 o - a potion of lignification {!q}
 q - a potion of curing
 v - a potion of resistance {unknown}
 z - 2 potions of haste {unknown}
Books
 c - a book of Maledictions
Comestibles
 d - 3 bread rations {!e}
 f - a fruit
 g - 16 chunks of flesh
 B - a meat ration {!e}


   Skills:
 - Level 3.1 Fighting
 - Level 2.9 Short Blades
 * Level 2.6 Polearms
 - Level 2.1 Dodging
 - Level 2.4 Stealth
 - Level 1.3 Spellcasting
 - Level 2.0 Hexes


You had 4 spell levels left.
You knew the following spells:

 Your Spells              Type           Power        Failure   Level  Hunger
a - Corona                Hex            #......      54%         1    ##.....


Dungeon Overview and Level Annotations

Branches:
Dungeon (3/15)

Altars:
Dithmenos


Innate Abilities, Weirdness & Mutations

You reflexively headbutt those who attack you in melee.
You have a pair of horns on your head.


Message History

You hit the orc wizard but do no damage.
You headbutt the orc wizard, but do no damage.
The orc wizard hits you but does no damage.
You hit the orc wizard. You burn the orc wizard. You headbutt the orc wizard.
The orc wizard is severely wounded.
The orc wizard barely misses you.
You hit the orc wizard. You burn the orc wizard.
The orc wizard is almost dead.
The orc wizard hits you but does no damage.
You hit the orc wizard. You burn the orc wizard.
You kill the orc wizard!
Your Polearms skill increases to level 2!
No target in view!
No target in view!
Things that are here:
a dagger; a robe You see here a scale mail.
A frilled lizard comes into view.
The frilled lizard hisses angrily.
Attack whom?
Press: ? - help, Dir - move target cursor, f - frilled lizard
Aim: a frilled lizard You reach to attack!
You closely miss the frilled lizard. You hit the frilled lizard.
You burn the frilled lizard.
You kill the frilled lizard!
No target in view!
No target in view!
An orc comes into view.
The orc shouts!
An orc comes into view. It is wielding a club.
An orc priest comes into view. It is wielding a short sword.
The orc shouts!
The orc priest shouts!
A wight comes into view. It is wielding a halberd.
The orc priest invokes the aid of Beogh against you.
Beogh smites you!
Damage: 12 (max 12) Attack whom?
Press: ? - help, Dir - move target cursor, f - orc
Aim: an orc, wielding a club You reach to attack!
You closely miss the orc. You closely miss the orc.
The orc hits you but does no damage.
An orc priest and a wight come into view.
The wight moves out of view.
The orc priest calls down the wrath of Beogh upon you.
Beogh smites you!
* * * LOW HITPOINT WARNING * * *
Damage: 16 (max 16)
The orc priest invokes the aid of Beogh against you.
Beogh smites you!
You die...

# #### #. #...#
#####.#####...#
.......#......######
##########...#...........
o..z.o.o.o.@..............
#.#########.#..............
#.#..............#
###..............#
#...#.............
#.###.............
#......<..........
#####..[..........
#.)...........


You could see an orc priest and 2 orcs.

Vanquished Creatures
  An orc wizard (D:3)
  2 adders
  3 worms (D:2)
  A dart slug (D:1)
  2 leopard geckos (D:2)
  5 orcs (D:3)
  12 bats
  2 giant cockroaches
  5 goblins
  6 hobgoblins
  A quokka (D:2)
  2 ball pythons (D:1)
  2 frilled lizards
  3 kobolds
  5 rats
52 creatures vanquished.

Notes
Turn   | Place    | Note
-------+----------+-------------------------------------------
     0 | D:1      | Gorice the Minotaur Enchanter began the quest for the Orb.
     0 | D:1      | Reached XP level 1. HP: 14/14 MP: 1/1
    83 | D:1      | HP: 3/15 [goblin/dagger of holy wrath (2)]
    85 | D:1      | HP: 1/15 [goblin/dagger of holy wrath (2)]
   338 | D:1      | Reached skill level 1 in Fighting
   455 | D:1      | Reached XP level 2. HP: 21/23 MP: 3/3
   618 | D:1      | Reached skill level 2 in Short Blades
   997 | D:2      | Reached XP level 3. HP: 26/29 MP: 4/4
  1027 | D:2      | Reached skill level 2 in Fighting
  1155 | D:2      | Found a shadowy altar of Dithmenos.
  1653 | D:3      | Reached skill level 3 in Fighting
  1653 | D:3      | Reached skill level 1 in Polearms
  1653 | D:3      | Reached XP level 4. HP: 38/38 MP: 5/5
  1793 | D:3      | Reached skill level 2 in Polearms
  1831 | D:3      | HP: 10/38 [orc priest/divine providence (16)]
  1833 | D:3      | Killed from afar by an orc priest

Vault maps used:
D:1:      elethiomel_arrival_maze
D:2:      grunt_dithmenos_smoke
D:3:      minmay_wonky_spiral, lemuel_crystal_altar, minmay_bisected

Skill      XL: |  1  2  3  4 |
---------------+-------------+-----
Fighting       | 1 3 |  3.1
Short Blades   | 2 |  2.9
Polearms       | 1 2 |  2.6
Dodging        | |  2.1
Stealth        | |  2.4
Spellcasting   | |  1.3
Hexes          | |  2.0

Action                   |  1- 3 |  4- 6 || total
-------------------------+-------+-------++-------
Melee: Dagger            |   101 |       ||   101
       Headbutt          |     9 |     5 ||    14
       Spear             |    19 |    34 ||    53
  Use: Scroll            |     2 |       ||     2
  Eat: Chunk             |     2 |     1 ||     3
Armor: Robe              |    13 |       ||    13
       Ring mail         |    26 |       ||    26
       Scale mail        |    12 |     9 ||    21
Dodge: Dodged            |    73 |    16 ||    89

Table legend:
 A = Turns spent in this place as a percentage of turns spent in the entire game.
 B = Non-inter-level travel turns spent in this place as a percentage of non-inter-level travel turns spent in the entire game.
 C = Inter-level travel turns spent in this place as a percentage of turns spent in this place.
 D = Turns resting spent in this place as a percentage of non-inter-level travel turns spent in this place.
 E = Turns spent auto-exploring this place as a percentage of non-inter-level travel turns spent in this place.
 F = Non-inter-level travel turns spent in this place divided by the number of levels of this place that you've seen.
                   A       B       C       D       E      F
               +-------+-------+-------+-------+-------+----------------------
         Total | 100.0 | 100.0 |   0.3 |   0.8 |   6.3 | 238.3
       Dungeon | 100.0 | 100.0 |   0.3 |   0.8 |   6.3 | 238.3
               +-------+-------+-------+-------+-------+----------------------

Vault maps used:
D:1:      elethiomel_arrival_maze
D:2:      grunt_dithmenos_smoke
D:3:      minmay_wonky_spiral, lemuel_crystal_altar, minmay_bisected
